 Dungeon Crawl Stone Soup version 0.20-a0-210-gd6c29eb (webtiles) character file.

200 feito the Shooter (level 5, -8/35 HPs)
             Began as a High Elf Hunter on Nov 26, 2016.
             Was a Follower of Nemelex Xobeh.
             Mangled by Grinder (9 damage)
             ... on level 4 of the Dungeon.
             The game lasted 00:31:16 (5090 turns).

feito the Shooter (High Elf Hunter)                 Turns: 5090, Time: 00:31:17

Health: -8/35      AC:  3    Str: 17 (20) XL:     5   Next: 49%
Magic:  7/7        EV: 13    Int: 13 (14) God:    Nemelex Xobeh [*.....]
Gold:   239        SH:  0    Dex: 15 (17) Spells: 4/4 levels left

rFire  . . .     SeeInvis +     a - +1 shortbow
rCold  . . .     Gourm    .     B - +0 leather armour
rNeg   . . .     Faith    .     (shield currently unavailable)
rPois  .         Spirit   .     (no helmet)
rElec  .         Reflect  .     (no cloak)
rCorr  .         Harm     .     (no gloves)
MR     .....                    (no boots)
Stlth  ++........               (no amulet)
                                A - ring of see invisible
                                p - +4 ring of strength

@: mighty, flying
A: no striking features
a: Renounce Religion


You were on level 4 of the Dungeon.
You worshipped Nemelex Xobeh.
Nemelex Xobeh was aware of your devotion.
You were not hungry.

You visited 1 branch of the dungeon, and saw 4 of its levels.

You collected 239 gold pieces.

Inventory:

Hand Weapons
 a - a +1 shortbow (weapon)
 b - a +0 short sword
 j - a +0 falchion
 D - a +1 vampiric short sword
Missiles
 x - 10 arrows (quivered)
Armour
 v - a +0 shield
 B - a +0 leather armour (worn)
Jewellery
 p - a +4 ring of strength (left hand)
 s - an uncursed ring of flight
 t - a cursed amulet of inaccuracy {unknown}
 A - a ring of see invisible (right hand)
Wands
 c - a wand of slowing (20/48)
 d - a wand of flame (35/48)
Scrolls
 e - 5 scrolls of remove curse
 g - 3 scrolls of recharging {unknown}
 i - 3 scrolls of magic mapping {unknown}
 k - a scroll of random uselessness {unknown}
 m - a scroll of teleportation {unknown}
 u - a scroll of fear {unknown}
 y - 4 scrolls of identify {unknown}
 C - a scroll of enchant weapon {unknown}
Potions
 n - a potion of flight
 o - a potion of lignification {unknown}
 q - 2 potions of curing {unknown}
 r - a potion of haste {unknown}
Miscellaneous
 z - a plain deck of escape {drawn: 3}
Comestibles
 f - 3 bread rations
 w - 2 chunks of flesh


   Skills:
 + Level 2.6 Fighting
 - Level 0.5 Short Blades
 * Level 7.8 Bows
 - Level 0.1 Armour
 + Level 2.8 Dodging
 + Level 1.2 Stealth
 + Level 1.6 Invocations


You had 4 spell levels left.
You didn't know any spells.

Dungeon Overview and Level Annotations

Branches:
Dungeon (4/15)
 Temple: D:4-7

Altars:
Fedhas
Hepliaklqana
Nemelex Xobeh
Qazlal
Uskayaw
Vehumet

Annotations:
D:4 Grinder


Message History

It was a potion of flight.
You feel very buoyant.
You fly up into the air.
Grinder completely misses you.
You see here an arrow.
It was a potion of might.
You feel very mighty all of a sudden. Grinder hits you.
You writhe in agony.
* * * LOW HITPOINT WARNING * * *
Firing (i - inventory):
x - 11 arrows (quivered)
Press: ? - help, Shift-Dir - straight line, f/p - Grinder
Aim: Grinder (moderately wounded)
You shoot an arrow. The arrow hits Grinder!
Grinder is heavily wounded.
Grinder hits you.
* * * LOW HITPOINT WARNING * * *
You writhe in agony.
* * * LOW HITPOINT WARNING * * *
You draw a card...
It is the Elixir.
Grinder hits you!
You die...
Your body disappears without a glow.

........##.####
####.<##..S.###########
#......So..wo..........
#.##>##########...#.... #....#
##......... ###..# #.......## ##
#...# ######.......# .### #...#
#..(..(.((...### ..#
####..####(#####@.......######.#
...........####5......#......#.##
.....(.(..............######.....
..........#####.......# #####...
..........######.....####......#.
####................####........#
#......#####....## #..........
.8##.##.........##..###..........
..##.##....#....###..............


You could see Grinder.

Vanquished Creatures
  A worker ant (D:4)
  6 gnolls
  3 adders
  3 worms
  3 dart slugs
  2 leopard geckos
  6 orcs
  4 giant cockroaches
  11 goblins
  A hobgoblin (D:3)
  4 quokkas
  8 bats
  15 frilled lizards
  6 kobolds
  8 rats
  A fungus (D:1)
82 creatures vanquished.

Notes
Turn   | Place    | Note
-------+----------+-------------------------------------------
     0 | D:1      | feito the High Elf Hunter began the quest for the Orb.
     0 | D:1      | Reached XP level 1. HP: 14/14 MP: 2/2
   104 | D:1      | Reached XP level 2. HP: 19/19 MP: 3/3
   137 | D:1      | Reached skill level 6 in Bows
   657 | D:1      | Reached XP level 3. HP: 24/24 MP: 4/4
   877 | D:2      | Found a stormy altar of Qazlal.
   888 | D:2      | Found a blossoming altar of Fedhas.
  1187 | D:2      | Found a sparkling altar of Nemelex Xobeh.
  1662 | D:2      | Became a worshipper of Nemelex Xobeh the Trickster
  1757 | D:3      | Received a gift from Nemelex Xobeh
  1783 | D:3      | Noticed Ijyb
  1789 | D:3      | Noticed Ijyb
  1789 | D:3      | Ijyb changed into Ijyb the gnoll
  1793 | D:3      | Killed Ijyb the gnoll
  1849 | D:3      | Reached skill level 7 in Bows
  1849 | D:3      | Reached XP level 4. HP: 30/30 MP: 5/5
  2022 | D:3      | Noticed a hand axe
  2028 | D:3      | Noticed a dagger
  2281 | D:3      | Reached * piety under Nemelex Xobeh
  2281 | D:3      | Received a gift from Nemelex Xobeh
  2313 | D:3      | Found a hide-covered altar of Uskayaw.
  2711 | D:4      | Reached skill level 1 in Invocations
  2711 | D:4      | Reached XP level 5. HP: 23/35 MP: 6/6
  4161 | D:4      | Noticed Grinder
  4165 | D:4      | Paralysed by Grinder for 3 turns
  4435 | D:4      | Found a radiant altar of Vehumet.
  5025 | D:4      | Found a hazy altar of Hepliaklqana.
  5065 | D:4      | Paralysed by Grinder for 5 turns
  5081 | D:4      | Paralysed by Grinder for 2 turns
  5089 | D:4      | HP: 1/35 [Grinder (3)]
  5090 | D:4      | Mangled by Grinder

Vault maps used:
D:1:      lemuel_arrival_room, minmay_gold_behind_fungi, minmay_lizard_pond
D:2:      grunt_temple_overflow_forces_of_nature, nemelex_diamond_rough_becter
D:3:      dancing_weapons_uskayaw, uniq_iyjb
D:4:      minmay_diamond_boxcup, grunt_temple_overflow_opulence,
          vehumet_altar_wand_db, nicolae_overflow_hidden_temple, uniq_grinder

Skill      XL: |  1  2  3  4 |
---------------+-------------+-----
Bows           | 6 7 |  7.8
Invocations    | 1 |  1.6
Fighting       | |  2.6
Short Blades   | |  0.5
Armour         | |  0.1
Dodging        | |  2.8
Stealth        | |  1.2

Action                   |  1- 3 |  4- 6 || total
-------------------------+-------+-------++-------
Melee: Short sword       |    54 |   109 ||   163
       Falchion          |       |    32 ||    32
 Fire: Shortbow          |    99 |    48 ||   147
Evoke: Deck              |     1 |     7 ||     8
  Use: Scroll            |     1 |       ||     1
       Potion            |       |     3 ||     3
 Stab: Sleeping          |       |     1 ||     1
  Eat: Chunk             |     3 |     7 ||    10
       Meat ration       |       |     1 ||     1
       Pizza             |       |     1 ||     1
       Beef jerky        |       |     1 ||     1
Armor: Leather armour    |     8 |    34 ||    42
Dodge: Dodged            |    38 |   100 ||   138
Block: Shield            |       |     8 ||     8
       Rpst.: Falchion   |       |     4 ||     4
